 Dungeon Crawl Stone Soup version 0.23.0 (webtiles) character file.

Game seed: 6723204238618935678

91 Azzok the Insei (level 4, 0/32 HPs)
             Began as a Barachi Transmuter on Feb 11, 2019.
             Slain by a hobgoblin
             ... wielding a +0 club
             ... led by Robin
              (5 damage)
             ... on level 1 of the Dungeon.
             The game lasted 00:02:31 (1880 turns).

Azzok the Insei (Barachi Transmuter)                Turns: 1880, Time: 00:02:32

Health: 0/32       AC:  3    Str: 12    XL:     4   Next: 57%
Magic:  8/8        EV: 12    Int: 14    God:
Gold:   106        SH:  0    Dex: 12    Spells: 5/9 levels left

rFire    . . .     SeeInvis .   h - +1 dagger (venom)
rCold    . . .     Gourm    .   (no shield)
rNeg     . . .     Faith    .   b - +0 robe
rPois    .         Spirit   .   g - +0 helmet
rElec    .         Reflect  .   (no cloak)
rCorr    .         Harm     .   (no gloves)
MR       .....                  (no boots)
Stlth    +.........             (no amulet)
HPRegen  0.10/turn              (no ring)
MPRegen  0.11/turn              (no ring)

@: slow
A: +LOS, swims, slowness 1, strong legs 1
a: Hop


You were on level 1 of the Dungeon.
You were not hungry.

You visited 1 branch of the dungeon, and saw 2 of its levels.

You collected 106 gold pieces.

Inventory:

Hand Weapons
 h - a +1 dagger of venom (weapon)
Missiles
 a - 12 arrows
Armour
 b - a +0 robe (worn)
 g - a +0 helmet (worn)
Scrolls
 c - a scroll of immolation {unknown}
 e - 6 scrolls of teleportation {unknown}
 f - a scroll of identify {unknown}
 j - a scroll of fog {unknown}
Potions
 i - a potion of curing {unknown}
 k - a potion of ambrosia {unknown}
 l - a potion of lignification {unknown}
 n - a potion of flight {unknown}
Comestibles
 d - 4 rations
 m - 2 chunks of flesh


   Skills:
 - Level 1.2 Fighting
 - Level 2.1 Dodging
 + Level 4.3 Unarmed Combat
 + Level 3.0 Spellcasting
 + Level 3.1 Transmutations
 + Level 1.2 Poison Magic


You had 5 spell levels left.
You knew the following spells:

 Your Spells              Type           Power        Failure   Level  Hunger
a - Beastly Appendage     Tmut           ##....       6%          1    #......
b - Spider Form           Tmut/Pois      #.........   26%         3    ###....

Your spell library contained the following spells:

 Spells                   Type           Power        Failure   Level  Hunger
 Sticks to Snakes         Tmut           ##......     9%          2    ##.....
 Ice Form                 Ice/Tmut       #.......     75%         4    #####..
 Blade Hands              Tmut           ##........   86%         5    ######.


Dungeon Overview and Level Annotations

Branches:
Dungeon (2/15)

Altars:

Annotations:
D:2 Robin


Innate Abilities, Weirdness & Mutations

Shadows flee at your approach. (+LOS)
You can swim through water.
You cover ground slowly.
You can hop short distances.


Message History

The goblin hits you. The goblin barely misses you.
You climb upwards.
There is a stone staircase leading down here.
The hobgoblin misses you. The goblin closely misses you. The goblin hits you.
The goblin hits you with a +0 club.
* * * LOW HITPOINT WARNING * * *
The goblin hits you.
* * * LOW HITPOINT WARNING * * *
The goblin barely misses you.
You see here a stone.
The goblin misses you.
Some of the chunks of flesh in your inventory have rotted away.
A rat comes into view.
The rat moves out of view.
You barely miss the hobgoblin. The hobgoblin hits you with a +0 club.
* * * LOW HITPOINT WARNING * * *
You hit the hobgoblin.
The hobgoblin is poisoned.
The hobgoblin is severely wounded.
The hobgoblin hits you with a +0 club.
You die...

······▒ ▒▒▒▒··▒ ·▒)▒··▒ ▒▒▒▒▒▒▒
··▒▒··▒ ▒·····▒ ···▒··▒
▒▒▒·▒▒▒·▒▒▒▒▒▒▒▒▒▒▒▒▒▒
······▒▒▒▒▒▒·········(·····(·(·(·
(··▒········>··gg▒·▒▒▒···▒▒▒▒▒▒▒▒
··▒▒·▒▒▒·······▒g▒·▒ ▒···▒
·▒[▒·▒▒▒·····▒▒▒@▒·▒ ▒···▒
▒▒▒▒·)·········▒·▒·▒ ▒▒▒▒▒
·····)·······▒·▒·▒·▒
···)·········▒·▒·▒·▒
·············▒·▒·▒·▒
·············▒·▒·▒'▒▒▒▒▒
··▒▒▒········▒·▒·······▒
············(··▒·······▒
·▒···········▒▒▒·······▒


You could see a hobgoblin and 2 goblins.

Vanquished Creatures
  A worker ant (D:2)
  2 adders (D:2)
  A dart slug (D:1)
  4 leopard geckos
  A ball python (D:1)
  2 giant cockroaches
  5 hobgoblins (D:1)
  2 jackals (D:1)
  5 kobolds (D:1)
  6 bats
  3 frilled lizards
  4 goblins
  9 rats
45 creatures vanquished.

Notes
Turn   | Place    | Note
-------+----------+-------------------------------------------
     0 | D:1      | Azzok the Barachi Transmuter began the quest for the Orb.
     0 | D:1      | Reached XP level 1. HP: 15/15 MP: 3/3
   261 | D:1      | Reached XP level 2. HP: 11/21 MP: 5/5
   566 | D:1      | Reached skill level 4 in Unarmed Combat
   583 | D:1      | Reached XP level 3. HP: 9/26 MP: 6/6
  1163 | D:1      | Learned a level 3 spell: Spider Form
  1508 | D:2      | Reached XP level 4. HP: 24/32 MP: 8/8
  1637 | D:2      | Reached skill level 1 in Poison Magic
  1862 | D:2      | Noticed Robin
  1880 | D:1      | Slain by a hobgoblin

Skill      XL: |  1  2  3  4 |
---------------+-------------+-----
Unarmed Combat | 4 |  4.3
Transmutations | 3 |  3.1
Poison Magic   | 1 |  1.2
Spellcasting   | 3 |  3.0
Fighting       | |  1.2
Dodging        | |  2.1

Action                   |  1- 3 |  4- 6 || total
-------------------------+-------+-------++-------
Melee: Unarmed           |    42 |       ||    42
       Punch             |     1 |       ||     1
       Dagger            |    41 |    30 ||    71
 Cast: Beastly Appendage |     1 |       ||     1
 Stab: Sleeping          |       |     1 ||     1
  Eat: Chunk             |     2 |     2 ||     4
Armor: Robe              |    25 |    17 ||    42
Dodge: Dodged            |    72 |    33 ||   105
